 Dungeon Sprint DCSS version 0.18-a0-1229-ge9a1a01 (webtiles) character file.

1300000 Winamp the Slayer (level 14, -20/138 HPs)
             Began as a Demonspawn Fighter on Feb 4, 2016.
             Was a Believer of Makhleb.
             Demolished by a meat berserker
             ... wielding a +9 battleaxe
              (78 damage)
             ... in the Dungeon (Sprint VIII: "Arena of Blood").
             The game lasted 00:01:04 (13 turns).

Winamp the Slayer (Demonspawn Fighter)                Turns: 13, Time: 00:01:04

Health: -20/138    AC: 15    Str: 24    XL:     14   Next: 27%
Magic:  14/14      EV: 10    Int: 10    God:    Makhleb [**....]
Gold:   0          SH:  0    Dex: 15    Spells: 0 memorised, 13 levels left

rFire  . . .     SeeInvis .     l - +∞ Axe of Woe
rCold  . . .     Gourm    .     b - +0 scale mail
rNeg   . . .     Faith    .     (shield currently unavailable)
rPois  +         Spirit   .     (helmet restricted)
rElec  .         Dismiss  .     (no cloak)
rCorr  .         Reflect  .     (no gloves)
SustAt .         Harm     .     (no boots)
MR     +....     NoTele   +     (no amulet)
Stlth  ..........               (no ring)
                                (no ring)

@: mighty, somewhat resistant to hostile enchantments, extremely unstealthy
A: horns 2, slimy green scales 3, demonic guardian 2, powered by death 2
a: Minor Destruction, Renounce Religion


You were in the Dungeon.
You worshipped Makhleb.
Makhleb was pleased with you.
You were not hungry.

You visited 1 branch

Inventory:

Hand Weapons
 a - a +0 war axe
 l - the +∞ Axe of Woe (weapon)
   (You found it in the Dungeon)
Armour
 b - a +0 scale mail (worn)
 c - a +0 shield
Scrolls
 k - a scroll of blinking
Potions
 e - a potion of curing
 g - a potion of heal wounds
 h - a potion of haste
 i - 2 potions of magic
 j - a potion of berserk rage
Comestibles
 f - a bread ration


   Skills:
 + Level 21.0 Fighting
 * Level 12.0 Axes
 + Level 19.5 Armour
 + Level 19.3 Shields


You had 13 spell levels left.
You didn't know any spells.

Dungeon Overview and Level Annotations

Branches:
Dungeon (1/1)

Altars:
Makhleb


Innate Abilities, Weirdness & Mutations

You have a pair of horns on your head.
You are completely covered in slimy green scales (AC +4, rPois).
A demonic guardian rushes to your aid.
You regenerate health from kills.


Message History

Unknown command.
You slash the bag of meat!
You pulverise the bag of meat into a thin bloody mist.
You kill the bag of meat!
Makhleb accepts your kill.
You can now harness Makhleb's destructive might.
Your Fighting skill gained 2 levels and is now at level 21!
Your Axes skill gained 2 levels and is now at level 12!
Your Armour skill increases to level 19!
Your Shields skill increases to level 19!
You have reached level 14!
Your demonic ancestry asserts itself...
The wave of death grows in power.
You hear a shout! x4
The meat berserker rages.
You hear a shout! x6
The meat berserker rages. x2
The meat berserker hits you with a +9 battleaxe!!!!
Ouch! That really hurt!
You die...

.. .. .. .. #.
.# #.. ..#
.###.. ..###.
......###......
....o..@O......
....#..O).#....
. #_o<._# .
#..O..#
....._.....
......###......
.###.. ..###.
#.. .o# #.. ..#


You could see 3 meat berserkers and 3 bags of meat.

Vanquished Creatures
  4 orcs (D)
4 creatures vanquished.

Notes
Turn   | Place    | Note
--------------------------------------------------------------
     0 | D        | Winamp the Demonspawn Fighter began the quest for the Orb.
     0 | D        | Reached XP level 1. HP: 18/18 MP: 1/1
     3 | D        | Noticed a bag of meat
     3 | D        | Noticed a bag of meat
     3 | D        | Noticed a bag of meat
     5 | D        | Noticed a bag of meat
     6 | D        | Noticed a bag of meat
     7 | D        | Noticed a bag of meat
     8 | D        | Became a worshipper of Makhleb the Destroyer
    10 | D        | Killed a bag of meat
    10 | D        | Reached skill level 16 in Fighting
    10 | D        | Reached skill level 15 in Armour
    10 | D        | Gained mutation: You have a pair of small horns on your head. [demonic ancestry]
    10 | D        | Reached XP level 2. HP: 21/45 MP: 2/2
    10 | D        | Gained mutation: You are partially covered in slimy green scales (AC +2). [demonic ancestry]
    10 | D        | Reached XP level 3. HP: 23/51 MP: 3/3
    10 | D        | Gained mutation: A weak demonic guardian rushes to your aid. [demonic ancestry]
    10 | D        | Reached XP level 4. HP: 26/58 MP: 4/4
    10 | D        | Gained mutation: You are mostly covered in slimy green scales (AC +3). [demonic ancestry]
    10 | D        | Reached XP level 5. HP: 28/64 MP: 5/5
    10 | D        | Gained mutation: You regenerate a little health from kills. [demonic ancestry]
    10 | D        | Reached XP level 6. HP: 31/71 MP: 6/6
    10 | D        | Gained mutation: You are completely covered in slimy green scales (AC +4, rPois). [demonic ancestry]
    10 | D        | Reached XP level 7. HP: 34/78 MP: 7/7
    10 | D        | Reached XP level 8. HP: 37/85 MP: 8/8
    10 | D        | Gained mutation: A demonic guardian rushes to your aid. [demonic ancestry]
    10 | D        | Reached XP level 9. HP: 39/91 MP: 9/9
    10 | D        | Reached XP level 10. HP: 42/98 MP: 10/10
    10 | D        | Reached XP level 11. HP: 44/104 MP: 11/11
    11 | D        | Noticed a meat berserker
    11 | D        | Noticed a bag of meat
    11 | D        | Noticed a bag of meat
    11 | D        | Noticed a meat berserker
    11 | D        | Killed a bag of meat
    11 | D        | Reached * piety under Makhleb
    11 | D        | Reached skill level 18 in Fighting
    11 | D        | Reached XP level 12. HP: 44/117 MP: 12/12
    11 | D        | Killed a bag of meat
    11 | D        | Reached skill level 19 in Fighting
    11 | D        | Reached skill level 10 in Axes
    11 | D        | Gained mutation: You have a pair of horns on your head. [demonic ancestry]
    11 | D        | Reached XP level 13. HP: 46/127 MP: 13/13
    13 | D        | Noticed a meat berserker
    13 | D        | Killed a bag of meat
    13 | D        | Reached ** piety under Makhleb
    13 | D        | Reached skill level 21 in Fighting
    13 | D        | Gained mutation: You regenerate health from kills. [demonic ancestry]
    13 | D        | Reached XP level 14. HP: 55/138 MP: 14/14
    13 | D        | Demolished by a meat berserker

Vault maps used:
D:        meatsprint

Action                   |  1- 3 |  4- 6 |  7- 9 | 10-12 | 13-15 || total
-------------------------+-------+-------+-------+-------+-------++-------
Melee: Executioner's axe |     1 |       |       |     1 |     1 ||     3
  Use: Potion            |       |       |       |       |     1 ||     1
